 Dungeon Crawl Stone Soup version 0.31-a0-1009-g454b1f1e0a (webtiles) character file.

Game seed: 6868784143113625943

7702 Queen the Blocker (level 11, -6/99 HPs)
             Began as a Minotaur Fighter on Nov 15, 2023.
             Was a Priest of Makhleb.
             Mangled by a sixfirhy (12 damage)
             ... summoned by a kobold demonologist
             ... on level 10 of the Dungeon.
             The game lasted 00:23:52 (11504 turns).

Queen the Blocker (Minotaur Fighter)               Turns: 11504, Time: 00:23:53

Health: -6/99      AC:  7    Str: 25    XL:     11   Next: 0%
Magic:  15/15      EV:  7    Int:  5    God:    Makhleb [***...]
Gold:   220        SH:  6    Dex: 13    Spells: 10/10 levels left

rFire   . . .        v - +7 trident "Apna" {pain, rPois Dex+3}
rCold   . . .        c - +0 buckler
rNeg    . . .        I - +0 plate armour
rPois   +            (helmet restricted)
rElec   .            (no cloak)
rCorr   +            n - +0 pair of gloves
SInv    +            (no boots)
Will    .....        O - amulet of magic regeneration Stlth
                     L - ring of resist corrosion
HPRegen 0.36/turn    z - ring of see invisible
MPRegen 0.54/turn

%: no passive effects
@: corroded, invisible
A: horns 2, retaliatory headbutt
a: Renounce Religion, Minor Destruction, Lesser Servant of Makhleb


You were on level 10 of the Dungeon.
You worshipped Makhleb.
Makhleb was most pleased with you.
You visited 2 branches of the dungeon, and saw 11 of its levels.
You also visited: Bailey.

You collected 548 gold pieces.
You spent 328 gold pieces at shops.

Inventory:

Hand Weapons
 v - the +7 trident "Apna" (weapon) {pain, rPois Dex+3}
   (You found it on level 4 of the Dungeon)

   Dex+3:     It affects your dexterity (+3).
   rPois:     It protects you from poison
Missiles
 f - 28 poisoned darts
 E - 4 curare-tipped darts
 H - 24 boomerangs
Armour
 c - a +0 buckler (worn)
 n - a +0 pair of gloves (worn)
 I - a +0 plate armour (worn)
Jewellery
 w - a ring of protection from fire
 z - a ring of see invisible (right hand)
 L - a ring of resist corrosion (left hand)
 O - an amulet of magic regeneration (around neck)
Wands
 d - a wand of paralysis (2)
 m - a wand of digging (3)
 C - a wand of flame (30)
 G - a wand of polymorph (13)
Scrolls
 e - 2 scrolls of vulnerability {unknown}
 h - a scroll of enchant weapon {unknown}
 l - a scroll of silence {unknown}
 o - 2 scrolls of noise {unknown}
 p - 3 scrolls of fear {unknown}
 q - 2 scrolls of acquirement
 r - a scroll of immolation {unknown}
 t - 4 scrolls of teleportation {unknown}
 x - a scroll of brand weapon {unknown}
 y - a scroll of poison {unknown}
 A - a scroll of enchant armour {unknown}
 F - 5 scrolls of blinking {unknown}
 K - a scroll of torment {unknown}
 N - 2 scrolls of butterflies {unknown}
 P - a scroll of fog {unknown}
Potions
 g - 2 potions of ambrosia
 i - 2 potions of cancellation
 j - 2 potions of heal wounds
 k - a potion of invisibility
 s - 4 potions of curing
 u - 4 potions of lignification
 B - a potion of mutation
 D - a potion of brilliance
 J - a potion of resistance {unknown}
 M - a potion of haste {unknown}


   Skills:
 + Level 10.0 Fighting
 - Level 4.6 Maces & Flails
 + Level 8.3 Polearms
 + Level 10.0 Armour
 + Level 10.0 Shields
 + Level 6.9 Invocations


You had 10 spell levels left.
You didn't know any spells.
Your spell library contained the following spells:

 Spells                   Type           Power      Damage    Failure   Level
 Apportation              Tloc           0%         N/A       99%         1
 Necrotise                Necr           0%         1d4       99%         1
 Sandblast                Erth           0%         2d4       99%         1
 Summon Small Mammal      Summ           0%         N/A       99%         1
 Ensorcelled Hibernation  Hex/Ice        0%         N/A       100%        2
 Passwall                 Tmut/Erth      0%         N/A       100%        2
 Wereblood                Tmut           0%         N/A       100%        2
 Stone Arrow              Conj/Erth      0%         3d7       100%        3
 Swiftness                Air            0%         N/A       100%        3
 Volatile Blastmotes      Fire/Tloc      0%         2d10      100%        3
 Brom's Barrelling Bould  Conj/Erth      0%         2d3       100%        4
 Fulminant Prism          Conj/Hex       0%         3d5       100%        4
 Iskenderun's Mystic Bla  Conj/Tloc      0%         2d3       100%        4
 Irradiate                Conj/Tmut      0%         3d11      100%        5
 Summon Forest            Summ/Tloc      0%         N/A       100%        5
 Summon Mana Viper        Hex/Summ       0%         N/A       100%        5
 Summon Cactus Giant      Summ           0%         N/A       100%        6


Dungeon Overview and Level Annotations

Branches:
Dungeon (10/15)            Temple (1/1) D:7            Lair (0/5) D:10
    Orc (0/2) D:9          Bailey (visited)

Altars:
Ashenzari
Cheibriados
Dithmenos
Elyvilon
Fedhas
Gozag
Hepliaklqana
Kikubaaqudgha
Makhleb
Nemelex Xobeh
Okawaru
Qazlal
Ru
Sif Muna
Trog
Uskayaw
Vehumet
Wu Jian
Xom
Yredelemnul
Zin
The Shining One

Shops:
D:4 *   D:5 *:   D:10 ?


Innate Abilities, Weirdness & Mutations

You have a pair of horns on your head.
You reflexively headbutt those who attack you in melee.


Message History

MP restored: 15 You fade into invisibility!
The ufetubus hits you but does no damage.
You block the ufetubus's attack. The kobold barely misses you.
You furiously retaliate!
You headbutt the kobold.
The kobold demonologist gestures wildly while chanting.
The kobold demonologist mumbles some strange words.
You block the ufetubus's attack. The ufetubus closely misses you.
The crimson imp blinks!
The rust devil hits you. The ufetubus barely misses you.
You furiously retaliate!
You headbutt the ufetubus. The ufetubus barely misses you.
The ufetubus barely misses you. x2
The iron imp shouts, "Get thee hence, thou foppish milk-livered giglet!"
The rust devil disappears in a puff of smoke!
The ynoxinul gestures.
The ufetubus closely misses you. You block the ufetubus's attack.
The ufetubus shouts! x2
The ufetubus disappears in a puff of smoke! x6
The iron imp shouts, "Remove thy stench, thou baffled spur-galled reprobate!"
The crimson imp shouts, "Get thee hence, thou impertinent mumble-news giglet!"
You block the sixfirhy's attack. x2; The sixfirhy closely misses you.
The sixfirhy hits you.
* * * LOW HITPOINT WARNING * * *
The sixfirhy shocks you!
* * * LOW HITPOINT WARNING * * *
You take 16 damage, and have 12/99 hp.
You feel much better.
The kobold demonologist looks braver for a moment.
You regained 19 hp, and now have 31/99 hp.
The quasit barely misses you. The quasit misses you.
The quasit claws you but does no damage.
You barely miss the kobold demonologist.
The sixfirhy hits you.
* * * LOW HITPOINT WARNING * * *
The sixfirhy shocks you!
* * * LOW HITPOINT WARNING * * *
You block the sixfirhy's attack. The sixfirhy hits you!
* * * LOW HITPOINT WARNING * * *
The sixfirhy shocks you!
You die...

######...≈≈≈≈≈.#
######.#.≈÷..≈.########
.........≈>).≈........#
...#.....≈...≈........#
...#.....≈≈~≈≈........#
...#..................#
...#.......####.......#
...#..>...## #.......#
...#......# #3@.....#
...#......# #5K.....#
...#......# #.5.....#
...#......# #.K.....#
...#......# #K......#
...#....,,* #.......#
.......,,,* #K......#
,,,,,,,,.,* #K.######
,,,**,*#..#####.§#


You could see 2 kobold demonologists, a sixfirhy (summoned, unable to see you),
a kobold brigand (unable to see you), a quasit (summoned, unable to see you), an
ufetubus (summoned, unable to see you) and 2 kobolds.

Vanquished Creatures
  An orc warlord (Bailey)
  A kobold demonologist (D:10)
  A hornet (D:8)
  2 trolls
  Grinder (D:3)
  A shadow (D:9)
  10 yaks (D:9)
  A steam dragon (D:8)
  6 orc warriors
  An ice beast (D:8)
  2 black bears
  2 ogres
  3 centaurs
  5 kobold brigands
  2 phantoms (D:5)
  3 bullfrogs
  A scorpion (D:5)
  4 wights (D:7)
  20 killer bees
  7 howler monkeys
  A gnoll bouda (D:5)
  A hound (D:7)
  4 orc priests (D:5)
  A sleepcap (D:7)
  Ijyb (D:3)
  Terence (D:2)
  3 iguanas
  3 orc wizards
  18 gnolls
  5 adders
  A white imp (D:4)
  6 worms
  5 dart slugs
  21 orcs
  5 endoplasms
  A giant cockroach (D:3)
  11 goblins
  9 hobgoblins
  4 jackals
  11 quokkas
  3 ball pythons
  7 bats
  2 frilled lizards
  37 kobolds
  3 rats
238 creatures vanquished.

Notes
Turn   | Place    | Note
-------+----------+-------------------------------------------
     0 | D:1      | Queen the Minotaur Fighter began the quest for the Orb.
     0 | D:1      | Reached XP level 1. HP: 19/19 MP: 0/0
   370 | D:1      | Reached XP level 2. HP: 27/27 MP: 1/1
   599 | D:1      | Reached XP level 3. HP: 29/33 MP: 2/2
  1410 | D:2      | Noticed Terence
  1414 | D:2      | Killed Terence
  1415 | D:2      | Reached XP level 4. HP: 39/41 MP: 3/3
  2632 | D:3      | Noticed Ijyb
  2639 | D:3      | Paralysed by Ijyb for 5 turns
  2647 | D:3      | Killed Ijyb
  2907 | D:3      | Reached XP level 5. HP: 38/47 MP: 4/4
  3072 | D:3      | Found a shadowy altar of Dithmenos.
  3206 | D:3      | Noticed Grinder
  3286 | D:3      | Paralysed by Grinder for 5 turns
  3291 | D:3      | Killed Grinder
  3292 | D:3      | Reached skill level 5 in Fighting
  3292 | D:3      | Reached skill level 5 in Armour
  3292 | D:3      | Reached skill level 5 in Shields
  3292 | D:3      | Reached XP level 6. HP: 55/56 MP: 5/5
  3541 | D:3      | Found a shadowy altar of Dithmenos.
  4008 | D:4      | Identified the +7 trident "Apna" {pain, rPois Dex+3}
  4188 | D:4      | Found Zafathat's Assorted Antiques.
  4197 | D:4      | Bought a scroll of identify for 48 gold pieces
  4197 | D:4      | Bought a scroll of identify for 48 gold pieces
  4197 | D:4      | Bought a scroll of identify for 48 gold pieces
  4220 | D:4      | Found a burning altar of Makhleb.
  4220 | D:4      | Noticed a blizzard demon
  4659 | D:4      | Noticed a neqoxec
  4659 | D:4      | Noticed a hellwing
  4661 | D:4      | Became a worshipper of Makhleb the Destroyer
  4811 | D:4      | Found Zafathat's Assorted Antiques.
  5202 | D:4      | Found a burning altar of Makhleb.
  5423 | D:5      | Entered Level 5 of the Dungeon
  5483 | D:5      | Reached skill level 1 in Polearms
  5494 | D:5      | Reached skill level 1 in Invocations
  5494 | D:5      | Reached XP level 7. HP: 55/61 MP: 6/6
  5840 | D:5      | Found Sotishre's Overcharged Wands.
  6235 | D:5      | Reached * piety under Makhleb
  6264 | D:5      | Found Kecuip's Book Shoppe.
  6397 | D:5      | Reached XP level 8. HP: 58/71 MP: 8/8
  6419 | D:5      | Found an opulent altar of Gozag.
  6420 | D:5      | Found a shimmering blue altar of Sif Muna.
  6576 | D:5      | Found Kecuip's Book Shoppe.
  6757 | D:5      | Found Sotishre's Overcharged Wands.
  7940 | D:7      | Found a bloodstained altar of Trog.
  7955 | D:7      | Found a hide-covered altar of Uskayaw.
  8592 | D:7      | Found a staircase to the Ecumenical Temple.
  8599 | Temple   | Entered the Ecumenical Temple
  8716 | D:8      | Reached skill level 5 in Polearms
  8716 | D:8      | Reached XP level 9. HP: 53/79 MP: 9/11
  9176 | D:8      | Reached ** piety under Makhleb
  9482 | D:8      | Found an iron altar of Okawaru.
  9482 | D:8      | Found a shadowy altar of Dithmenos.
  9483 | D:8      | Found a sacrificial altar of Ru.
  9513 | D:8      | Found a broken altar of Ashenzari.
  9587 | D:9      | Reached skill level 5 in Invocations
  9649 | D:9      | Found a staircase to the Orcish Mines.
  9862 | D:9      | Reached XP level 10. HP: 64/90 MP: 13/13
 10762 | D:9      | Found a snail-covered altar of Cheibriados.
 10849 | D:9      | Identified the +2 robe "Uxzagari" {Str+3}
 10932 | D:10     | Entered Level 10 of the Dungeon
 10932 | D:10     | Found Qauci's Magic Scroll Emporium.
 10937 | D:10     | Bought a scroll of identify for 32 gold pieces
 10937 | D:10     | Bought a scroll of identify for 32 gold pieces
 10937 | D:10     | Bought a scroll of revelation for 120 gold pieces
 10943 | D:10     | Found a flagged portal.
 10966 | Bailey   | Entered a bailey
 10990 | Bailey   | Reached *** piety under Makhleb
 10992 | Bailey   | Noticed an orc warlord
 11107 | Bailey   | Found a runed translucent gate.
 11109 | Bailey   | Found a runed translucent gate.
 11110 | Bailey   | Found a runed translucent gate.
 11217 | Bailey   | Killed an orc warlord
 11465 | D:10     | Reached skill level 10 in Shields
 11474 | D:10     | Noticed a rust devil
 11478 | D:10     | Noticed an orange demon
 11488 | D:10     | Reached skill level 10 in Fighting
 11488 | D:10     | Reached skill level 10 in Armour
 11488 | D:10     | Reached XP level 11. HP: 24/99 MP: 15/15
 11489 | D:10     | Noticed a sixfirhy
 11504 | D:10     | Mangled by a sixfirhy

Illustrated notes

Levels and vault maps discovered:
D:1:      doesnt_arrival_eight_statues, layout_basic,
          chequers_serial_rivers_small_b, st_stairs_2
D:2:      layout_loops_cross, uniq_terence
D:3:      wad_woods_stonehenge, layout_basic, uniq_ijyb, uniq_grinder
D:4:      layout_gridville, makhleb_altar_promises_db, serial_shops, shop,
          minmay_misc_feat_square, kennysheep_dice
D:5:      layout_loops_cross, mainiacjoe_overflow_divided_tiny, serial_shops,
          nicolae_shop_just_a_little_nook, hangedman_decor_points,
          nicolae_shop_overcharged_wands
D:6:      black_bear_nest_2, layout_gridville
D:7:      layout_cave_pods, chequers_temple_overflow_statue_of_worship,
          temple_green
D:8:      layout_basic, nicolae_overflow_quartered_altars
D:9:      layout_roguey, slow_altar_2, orc_0_dummy,
          kennysheep_opposing_triangles
D:10:     layout_long_grid, dpeg_oklobed_lair, serial_shops, shop,
          enter_bailey_5, uniq_urug, uniq_grum
Temple:   nicolae_temple_bog_church

Skill      XL: |  1  2  3  4  5  6  7  8  9 10 |
---------------+-------------------------------+-----
Fighting       | 4 5 6 7 8 10 | 10.0
Shields        | 4 5 6 7 8 10 | 10.0
Armour         | 4 5 6 7 8 10 | 10.0
Maces & Flails | 3 4 |  4.6
Polearms       | 1 3 5 6 8 |  8.3
Invocations    | 1 2 4 5 6 |  6.9

Action                     |  1- 3 |  4- 6 |  7- 9 | 10-12 || total
---------------------------+-------+-------+-------+-------++-------
  Melee: Flail             |    88 |    96 |       |       ||   184
         Headbutt          |    12 |     8 |    36 |    36 ||    92
         Trident           |       |    15 |   265 |   241 ||   521
 Invoke: Lesser Servant of |       |       |       |     1 ||     1
  Evoke: Wand              |       |       |       |     2 ||     2
    Use: Potion            |       |     2 |       |     3 ||     5
         Scroll            |       |     5 |       |     4 ||     9
   Stab: Paralysed         |       |       |       |    13 ||    13
         Invisible         |       |       |       |     2 ||     2
 Armour: Scale mail        |    67 |    72 |    18 |       ||   157
         Skin              |       |    17 |       |       ||    17
         Chain mail        |       |       |    69 |       ||    69
         Plate armour      |       |       |   112 |   153 ||   265
  Dodge: Dodged            |    50 |    38 |    87 |    76 ||   251
  Block: Buckler           |    15 |    23 |    78 |    55 ||   171

Table legend: (Time is in decaauts)
 A = Elapsed time spent in this place.
 B = Non-inter-level travel time spent in this place.
 C = Inter-level travel time spent in this place.
 D = Time resting spent in this place.
 E = Time spent auto-exploring this place.
 F = Levels seen in this place.
 G = Mean time per level.
                   A        B        C        D        E       F      G
               +--------+--------+--------+--------+--------+-----+--------+
         Total |  11587 |  10985 |    602 |    841 |   8466 |  12 |  965.6 |
       Dungeon |  11125 |  10523 |    602 |    695 |   8322 |  10 | 1112.5 |
        Temple |      1 |      1 |      0 |      0 |      0 |   1 |    1.0 |
        Bailey |    460 |    460 |      0 |    146 |    144 |   1 |  460.0 |
               +--------+--------+--------+--------+--------+-----+--------+

Top non-repeatable levels by time:
     D:5: 1584 daAuts
     D:4: 1553 daAuts
     D:1: 1441 daAuts
     D:2: 1427 daAuts
     D:9: 1385 daAuts
     D:3: 1123 daAuts
     D:8: 857 daAuts
     D:7: 848 daAuts
     D:6: 789 daAuts
  Bailey: 460 daAuts
    D:10: 114 daAuts
  Temple: 1 daAuts
